 Dungeon Crawl Stone Soup version 0.18.1-48-g4cf74bf (webtiles) character file.

11150 nikopol the Fighter (level 11, -7/145 HPs)
             Began as a Minotaur Berserker on July 24, 2016.
             Was a High Priest of Trog.
             Mangled by a nine-headed hydra (15 damage)
             ... on level 2 of the Lair of Beasts.
             The game lasted 00:28:18 (9217 turns).

nikopol the Fighter (Minotaur Berserker)            Turns: 9217, Time: 00:28:19

Health: -7/145     AC: 15    Str: 29    XL:     11   Next: 45%
Magic:  19/19      EV: 16    Int:  4    God:    Trog [*****.]
Gold:   578        SH:  0    Dex: 13    Spells: 0 memorised, 10 levels left

rFire  + . .     SeeInvis +     x - +8 mithril axe "Arga" {speed, MR+ Str+2}
rCold  + . .     Gourm    .     A - +3 leather armour "Tiatiow" {rF+ rCorr}
rNeg   + . .     Faith    .     (no shield)
rPois  +         Spirit   .     (helmet restricted)
rElec  .         Dismiss  .     s - +1 cloak
rCorr  +         Reflect  .     u - +2 pair of gloves
SustAt .         Harm     .     V - +1 pair of boots of the Cooper {rC+ MR+ MP+9 SInv}
MR     ++...                    I - amulet of regeneration
Stlth  ..........               w - ring of poison resistance
                                K - ring of positive energy

@: berserking, very quick, very resistant to hostile enchantments, extremely
unstealthy
A: retaliatory headbutt, horns 2
a: Berserk, Trog's Hand, Brothers in Arms, Burn Spellbooks, Renounce Religion


You were on level 2 of the Lair of Beasts.
You worshipped Trog.
Trog was extremely pleased with you.
You were hungry.

You visited 2 branches of the dungeon, and saw 11 of its levels.
You also visited: Bailey.

You collected 578 gold pieces.

Inventory:

Hand Weapons
 c - a +1 shortbow
 x - the +8 mithril axe "Arga" (weapon) {speed, MR+ Str+2}
   (You found it on level 8 of the Dungeon)

   Attacks with this weapon are significantly faster.
   It affects your strength (+2).
   It affects your resistance to hostile enchantments.
Missiles
 j - 232 arrows (quivered)
Armour
 s - a +1 cloak (worn)
 t - a +2 pair of boots
 u - a +2 pair of gloves (worn)
 A - the +3 leather armour "Tiatiow" (worn) {rF+ rCorr}
   (You found it on level 9 of the Dungeon)

   It protects you from fire.
   It protects you from acid and corrosion.
 C - a +0 scale mail
 V - the +1 pair of boots of the Cooper (worn) {rC+ MR+ MP+9 SInv}
   (You found it on level 9 of the Dungeon)

   It protects you from cold.
   It affects your resistance to hostile enchantments.
   It affects your magic capacity (+9).
   It lets you see invisible.
Jewellery
 w - a ring of poison resistance (right hand)
 y - an uncursed ring of ice {unknown}
 I - an amulet of regeneration (around neck)
 K - a ring of positive energy (left hand)
Wands
 b - a wand of acid (8/15)
 i - a wand of paralysis (13/24)
 o - a wand of teleportation (3/9)
 R - a wand of digging (16/24)
 W - a wand of iceblast (10/15)
Scrolls
 f - 6 scrolls of remove curse
 l - 7 scrolls of identify
 r - 3 scrolls of blinking
 B - 3 scrolls of enchant armour
 D - 2 scrolls of fog
 F - a scroll of magic mapping
 G - 2 scrolls of fear {unknown}
 L - 5 scrolls of noise {unknown}
 O - a scroll of recharging {unknown}
 U - a scroll of teleportation
Potions
 e - a potion of cure mutation {unknown}
 g - 2 potions of invisibility
 m - 2 potions of might {unknown}
 n - 2 potions of haste {unknown}
 p - a potion of agility {unknown}
 q - 2 potions of degeneration {unknown}
 z - 3 potions of flight {unknown}
 E - 9 potions of curing {unknown}
 H - a potion of mutation {unknown}
 J - 2 potions of brilliance {unknown}
 M - 2 potions of lignification {unknown}
 N - 5 potions of heal wounds {unknown}
 P - a potion of magic {unknown}
 Q - 3 potions of berserk rage
 S - 2 potions of beneficial mutation {unknown}
Comestibles
 a - 12 bread rations
 d - 2 beef jerkies
 h - 6 meat rations
 k - 2 slices of pizza
 v - 10 fruits
 T - 5 chunks of flesh
 X - a royal jelly


   Skills:
 + Level 9.6 Fighting
 * Level 8.8(10.3) Axes
   Level 8.6(10.2) Polearms
 * Level 9.6 Bows
 + Level 8.9 Armour
 + Level 8.4 Dodging


You had 10 spell levels left.
You didn't know any spells.

Dungeon Overview and Level Annotations

Branches:
Dungeon (9/15)             Temple (0/1) D:7            Lair (2/8) D:9
    Orc: D:9-12

Altars:
Ashenzari
Dithmenos
Gozag
Makhleb
Nemelex Xobeh
Okawaru
Pakellas
Vehumet

Shops:
D:4 !   D:6 *[[*   D:9 =


Innate Abilities, Weirdness & Mutations

You reflexively headbutt those who attack you in melee.
You have a pair of horns on your head.


Message History

The nine-headed hydra bites you. The nine-headed hydra misses you.
The nine-headed hydra closely misses you.
The nine-headed hydra bites you!
* * * LOW HITPOINT WARNING * * *
The nine-headed hydra bites you but does no damage.
The nine-headed hydra barely misses you.
The nine-headed hydra bites you!
* * * LOW HITPOINT WARNING * * *
The nine-headed hydra bites you.
* * * LOW HITPOINT WARNING * * *
The nine-headed hydra closely misses you.
A red film seems to cover your vision as you go berserk!
You feel yourself moving faster!
You feel mighty!
You are feeling hungry.
The nine-headed hydra closely misses you.
The nine-headed hydra barely misses you.
The nine-headed hydra bites you but does no damage.
The nine-headed hydra completely misses you.
The nine-headed hydra bites you!
You die...

.###.###P......PP.P#
........(.....###.##
######.#.#.#...#..#
#P..>...........
##.P#.P###...... ###P....##
##<.... #..†.##.# #....≈
##.P####.# ##.##♣♣ #.@## #..#
#...# ......%D# .. ###...♣
.#....... #. #....♣♣
..........###.##....≈♣≈≈
.#..................≈≈≈≈
##..>.##.#.........#......#.♣≈≈≈
.#).............####.....♣♣≈♣≈≈
#................##.......♣♣≈≈P
#....#..P.........##.#...#P♣≈≈≈


You could see a nine-headed hydra.

Vanquished Creatures
  A hydra (Lair:1)
  An orc knight (Bailey)
  An elephant (D:9)
  3 black mambas (Lair:1)
  2 spiny frogs
  The ghost of tyranidshit the Skirmisher, an amateur DDNe of Makhleb (D:6)
  3 komodo dragons
  A troll (D:9)
  A spriggan (D:7)
  16 yaks (Lair:1)
  2 hippogriffs (Lair:2)
  5 water moccasins
  2 porcupines (Lair:1)
  An orc warrior (D:8)
  5 ogres
  A sky beast (D:8)
  2 phantoms
  2 centaurs
  5 crocodiles
  A big kobold (D:7)
  11 giant frogs
  Blork the orc (D:4)
  A scorpion (D:5)
  An electric eel (Lair:2)
  3 crimson imps
  A centaur zombie (D:7)
  2 hounds
  6 orc priests
  A jelly (D:9)
  Crazy Yiuf (D:2)
  5 iguanas
  8 orc wizards
  2 worker ants
  A sheep (D:9)
  A hound skeleton (D:6)
  A howler monkey skeleton (D:6)
  19 gnolls
  7 adders
  9 river rats (Lair:1)
  3 worms
  3 dart slugs
  A giant gecko (D:7)
  34 orcs
  2 bats
  3 giant cockroaches
  6 goblins
  12 hobgoblins
  4 jackals (D:1)
  24 kobolds
  3 quokkas
  A ball python (D:3)
  4 giant newts
  8 rats
245 creatures vanquished.

Vanquished Creatures (others)
  A giant cockroach (D:3)
1 creature vanquished.

Grand Total: 246 creatures vanquished

Notes
Turn   | Place    | Note
--------------------------------------------------------------
     0 | D:1      | nikopol the Minotaur Berserker began the quest for the Orb.
     0 | D:1      | Reached XP level 1. HP: 19/19 MP: 0/0
   143 | D:1      | Reached XP level 2. HP: 25/27 MP: 1/1
   665 | D:2      | Reached XP level 3. HP: 16/33 MP: 2/2
   991 | D:2      | Found an iron altar of Okawaru.
   995 | D:2      | Reached ** piety under Trog
  1321 | D:2      | Noticed Crazy Yiuf
  1329 | D:2      | Killed Crazy Yiuf
  1329 | D:2      | Reached XP level 4. HP: 30/41 MP: 3/3
  1790 | D:3      | Found a shattered altar of Ashenzari.
  1898 | D:3      | Reached XP level 5. HP: 47/47 MP: 4/4
  1931 | D:3      | Reached skill level 5 in Polearms
  2120 | D:4      | Reached skill level 5 in Fighting
  2137 | D:3      | Reached XP level 6. HP: 11/56 MP: 5/5
  2508 | D:4      | Found Tacvek's Distillery.
  2674 | D:4      | Noticed Blork the orc
  2683 | D:4      | Killed Blork the orc
  3047 | D:5      | Entered Level 5 of the Dungeon
  3107 | D:5      | Reached *** piety under Trog
  3234 | D:5      | Reached XP level 7. HP: 60/62 MP: 6/6
  3476 | D:6      | Found Vevuas's Armour Boutique.
  3516 | D:6      | Reached skill level 5 in Armour
  3606 | D:6      | Found Aleunaj's Armour Boutique.
  3623 | D:6      | Reached skill level 1 in Bows
  3623 | D:6      | Reached skill level 5 in Dodging
  3681 | D:6      | Noticed tyranidshit's ghost (amateur DDNe)
  3693 | D:6      | Killed tyranidshit's ghost
  3693 | D:6      | Reached XP level 8. HP: 71/71 MP: 7/7
  3852 | D:6      | Found a burning altar of Makhleb.
  3980 | D:6      | Found a sparkling altar of Nemelex Xobeh.
  3980 | D:6      | Found an opulent altar of Gozag.
  4069 | D:6      | Found Muipits's Assorted Antiques.
  4217 | D:6      | Found Tuperuh's General Store.
  4454 | D:7      | Found a staircase to the Ecumenical Temple.
  4547 | D:7      | Found an oddly glowing altar of Pakellas.
  4598 | D:7      | Found a shadowy altar of Dithmenos.
  4610 | D:7      | Found a radiant altar of Vehumet.
  4702 | D:7      | Reached **** piety under Trog
  5118 | D:7      | Reached XP level 9. HP: 79/79 MP: 8/8
  5390 | D:8      | Found a flagged portal.
  5417 | Bailey   | Entered a bailey
  5463 | Bailey   | Received a gift from Trog
  5522 | Bailey   | Reached skill level 1 in Axes
  5557 | Bailey   | Noticed an orc knight
  5563 | Bailey   | Reached skill level 5 in Bows
  5576 | Bailey   | Killed an orc knight
  5578 | Bailey   | Received a gift from Trog
  6949 | D:9      | Got an amber-encrusted leather armour
  6997 | D:9      | Found a staircase to the Lair.
  6997 | D:9      | Noticed an elephant
  7010 | D:9      | Killed an elephant
  7130 | D:9      | Noticed a troll
  7146 | D:9      | Killed a troll
  7146 | D:9      | Reached XP level 10. HP: 53/88 MP: 9/9
  7192 | D:9      | Got a pair of transparent boots
  7203 | D:9      | Identified the +1 pair of boots of the Cooper {rC+ MR+ MP+9 SInv} (You found it on level 9 of the Dungeon)
  7225 | D:9      | Found Guntir's Jewellery Shoppe.
  7281 | D:9      | Reached skill level 5 in Axes
  7513 | D:9      | Identified the +3 leather armour "Tiatiow" {rF+ rCorr} (You found it on level 9 of the Dungeon)
  7546 | Lair:1   | Entered Level 1 of the Lair of Beasts
  7565 | Lair:1   | Noticed a five-headed hydra
  7584 | Lair:1   | Killed an 11-headed hydra
  7731 | Lair:1   | Reached ***** piety under Trog
  8091 | Lair:1   | Noticed a black mamba
  8102 | Lair:1   | Killed a black mamba
  8217 | Lair:1   | Noticed a black mamba
  8223 | Lair:1   | Killed a black mamba
  8223 | Lair:1   | Reached XP level 11. HP: 93/97 MP: 10/10
  8278 | Lair:1   | Received a gift from Trog
  9210 | Lair:2   | Noticed a six-headed hydra
  9217 | Lair:2   | Mangled by a nine-headed hydra

Skill      XL: |  1  2  3  4  5  6  7  8  9 10 11 |
---------------+----------------------------------+-----
Fighting       | 4 5 6 7 8 9 |  9.6
Polearms       | 4 5 6 8 |  8.6
Armour         | 3 4 5 6 7 8 |  8.9
Dodging        | 3 4 5 6 7 8 |  8.4
Bows           | 2 4 6 8 9 |  9.6
Axes           | 4 7 8 |  8.8

Action                   |  1- 3 |  4- 6 |  7- 9 | 10-12 || total
-------------------------+-------+-------+-------+-------++-------
Melee: Spear             |    95 |    73 |       |       ||   168
       Headbutt          |     8 |    22 |    41 |    35 ||   106
       Trident           |       |    43 |   156 |       ||   199
       Broad axe         |       |       |    71 |   140 ||   211
 Fire: Shortbow          |       |       |   159 |    76 ||   235
Invok: Berserk           |       |     3 |     3 |     2 ||     8
  Use: Scroll            |       |       |    10 |     1 ||    11
 Stab: Sleeping          |       |       |       |     1 ||     1
  Eat: Chunk             |     1 |    10 |    15 |     7 ||    33
Armor: Leather armour    |     9 |    27 |       |    40 ||    76
       Scale mail        |       |     7 |    86 |     2 ||    95
       Ring mail         |       |     7 |       |       ||     7
Dodge: Dodged            |    27 |    67 |   171 |    98 ||   363
